3L
NEW AMSTERDAM DUTCHMEN @ KINGSTON TOWNSHIP LEGION
09/20/2027
 
TOP OF THE 1ST
New Amsterdam Dutchmen batting - Pitching for Kingston Township Legion : LHP Shigemasa Horiuchi
Pitching: LHP Shigemasa Horiuchi
Batting: RHB John Burton 0-0: Ball
1-0: Ground out 4-3 (Groundball, 4)
Batting: RHB Alfredo Suárez 0-0: Ball
1-0: Ball
2-0: Bunt for hit - play at first, batter OUT! 1-3
Batting: LHB Félix López 0-0: Foul Ball, location: 2F
0-1: Swinging Strike
0-2: Ground out 4-3 (Groundball, 4)
Top of the 1st over - 0 run(s), 0 hit(s), 0 error(s), 0 left on base; New Amsterdam 0 - Kingston Township 0
BOTTOM OF THE 1ST
Kingston Township Legion batting - Pitching for New Amsterdam Dutchmen : RHP Bobby Swain
Pitching: RHP Bobby Swain
Batting: LHB Forrest McCooke 0-0: Called Strike
0-1: Ball
1-1: Called Strike
1-2: Strikes out looking
Batting: LHB Ye Der 0-0: Ball
1-0: Ball
2-0: Called Strike
2-1: Ball
3-1: Base on Balls
Batting: RHB EP Weston 0-0: Swinging Strike
0-1: Foul Ball, location: 2F
0-2: Ground out 4-3 (Groundball, 4S)
Ye Der to second
Batting: RHB Clarence Neal 0-0: Ball
1-0: Foul Ball, location: 2F
1-1: Swinging Strike
1-2: Strikes out swinging
Bottom of the 1st over - 0 run(s), 0 hit(s), 0 error(s), 1 left on base; New Amsterdam 0 - Kingston Township 0
TOP OF THE 2ND
New Amsterdam Dutchmen batting - Pitching for Kingston Township Legion : LHP Shigemasa Horiuchi
Batting: RHB Hank Wilder 0-0: Called Strike
0-1: Foul Ball, location: 2F
0-2: Ball
1-2: Strikes out swinging
Batting: RHB Arturo Morales 0-0: Ball
1-0: Ball
2-0: Ground out 5-3 (Groundball, 56S)
Batting: LHB SaQwan Hackett 0-0: Called Strike
0-1: Swinging Strike
0-2: Strikes out looking
Top of the 2nd over - 0 run(s), 0 hit(s), 0 error(s), 0 left on base; New Amsterdam 0 - Kingston Township 0
BOTTOM OF THE 2ND
Kingston Township Legion batting - Pitching for New Amsterdam Dutchmen : RHP Bobby Swain
Batting: RHB Alfredo Cardenas 0-0: Ball
1-0: Called Strike
1-1: Ball
2-1: Swinging Strike
2-2: SINGLE (Groundball, 4M) (infield hit)
Batting: RHB Jim Scott 0-0: Ball
1-0: Ball
2-0: Called Strike
2-1: Ball
3-1: Called Strike
3-2: Base on Balls
Alfredo Cardenas to second
Batting: RHB Jeffery Campbell 0-0: Ball
1-0: Ball
2-0: Foul Ball, location: 2F
2-1: 3-RUN HOME RUN (Flyball, 7LD), Distance : 356 ft
Batting: RHB Juan Aguirre 0-0: Ground out 6-3 (Groundball, 56)
Batting: RHB Júlio Rodríguez 0-0: Ball
1-0: Ball
2-0: Ball
3-0: Called Strike
3-1: Base on Balls
Batting: LHB Forrest McCooke 0-0: Called Strike
0-1: Foul Ball, location: 2F
0-2: Ball
1-2: SINGLE (Groundball, 6MD)
Júlio Rodríguez to second
Batting: LHB Ye Der 0-0: Foul Ball, location: 2F
0-1: Foul Ball, location: 2F
0-2: Ball
1-2: Ball
2-2: Ball
3-2: Base on Balls
Júlio Rodríguez to third
Forrest McCooke to second
Batting: RHB EP Weston 0-0: Foul Ball, location: 2F
0-1: Fly out, F9 (Flyball, 9LMF)
Runner from 3rd tags up, SCORES, no throw
Batting: RHB Clarence Neal 0-0: Called Strike
0-1: Swinging Strike
0-2: Strikes out looking
Bottom of the 2nd over - 4 run(s), 3 hit(s), 0 error(s), 2 left on base; New Amsterdam 0 - Kingston Township 4
TOP OF THE 3RD
New Amsterdam Dutchmen batting - Pitching for Kingston Township Legion : LHP Shigemasa Horiuchi
Batting: LHB Cornelius Taitt 0-0: Called Strike
0-1: Ball
1-1: Foul Ball, location: 2F
1-2: Ground out U3 (Groundball, 3)
Batting: RHB Mario Rivera 0-0: Called Strike
0-1: Called Strike
0-2: Strikes out swinging
Batting: RHB Omar Schuler 0-0: Fly out, F9 (Flyball, 9S)
Top of the 3rd over - 0 run(s), 0 hit(s), 0 error(s), 0 left on base; New Amsterdam 0 - Kingston Township 4
BOTTOM OF THE 3RD
Kingston Township Legion batting - Pitching for New Amsterdam Dutchmen : RHP Bobby Swain
Batting: RHB Alfredo Cardenas 0-0: Ball
1-0: Called Strike
1-1: Ground out 1-3 (Groundball, 13)
Batting: RHB Jim Scott 0-0: SINGLE (Line Drive, 7S)
Batting: RHB Jeffery Campbell 0-0: SINGLE (Groundball, 6MD)
Jim Scott to second
Batting: RHB Juan Aguirre 0-0: Grounds into double play, 6-4-3 (Groundball, 6)
Bottom of the 3rd over - 0 run(s), 2 hit(s), 0 error(s), 1 left on base; New Amsterdam 0 - Kingston Township 4
TOP OF THE 4TH
New Amsterdam Dutchmen batting - Pitching for Kingston Township Legion : LHP Shigemasa Horiuchi
Batting: RHB John Burton 0-0: Ball
1-0: Called Strike
1-1: Ball
2-1: Foul Ball, location: 2F
2-2: Strikes out swinging
Batting: RHB Alfredo Suárez 0-0: Ball
1-0: Ball
2-0: Foul Ball, location: 2F
2-1: Called Strike
2-2: Ball
3-2: Foul Ball, location: 2F
3-2: Ground out 5-3 (Groundball, 56S)
Batting: LHB Félix López 0-0: Ball
1-0: Ground out U3 (Groundball, 3)
Top of the 4th over - 0 run(s), 0 hit(s), 0 error(s), 0 left on base; New Amsterdam 0 - Kingston Township 4
BOTTOM OF THE 4TH
Kingston Township Legion batting - Pitching for New Amsterdam Dutchmen : RHP Bobby Swain
Batting: RHB Júlio Rodríguez 0-0: Called Strike
0-1: Called Strike
0-2: Strikes out swinging
Batting: LHB Forrest McCooke 0-0: Ground out 4-3 (Groundball, 4)
Batting: LHB Ye Der 0-0: Ball
1-0: Called Strike
1-1: Ball
2-1: Ball
3-1: Swinging Strike
3-2: Strikes out swinging
Bottom of the 4th over - 0 run(s), 0 hit(s), 0 error(s), 0 left on base; New Amsterdam 0 - Kingston Township 4
TOP OF THE 5TH
New Amsterdam Dutchmen batting - Pitching for Kingston Township Legion : LHP Shigemasa Horiuchi
Batting: RHB Hank Wilder 0-0: Ball
1-0: Called Strike
1-1: Ground out 4-3 (Groundball, 4M)
Batting: RHB Arturo Morales 0-0: Ball
1-0: Called Strike
1-1: Ball
2-1: Foul Ball, location: 2F
2-2: Foul Ball, location: 2F
2-2: Strikes out looking
Batting: LHB SaQwan Hackett 0-0: Called Strike
0-1: Foul Ball, location: 2F
0-2: Ball
1-2: Strikes out swinging
Top of the 5th over - 0 run(s), 0 hit(s), 0 error(s), 0 left on base; New Amsterdam 0 - Kingston Township 4
BOTTOM OF THE 5TH
Kingston Township Legion batting - Pitching for New Amsterdam Dutchmen : RHP Bobby Swain
Batting: RHB EP Weston 0-0: Fly out, F7 (Flyball, 7LS)
Batting: RHB Clarence Neal 0-0: Foul Ball, location: 2F
0-1: Called Strike
0-2: Foul Ball, location: 2F
0-2: Foul Ball, location: 2F
0-2: Ball
1-2: Foul Ball, location: 2F
1-2: SINGLE (Flyball, 89S)
Batting: RHB Alfredo Cardenas 0-0: Ball
1-0: Ball
2-0: Called Strike
2-1: Foul Ball, location: 2F
2-2: Grounds into double play, 6-4-3 (Groundball, 6)
Bottom of the 5th over - 0 run(s), 1 hit(s), 0 error(s), 0 left on base; New Amsterdam 0 - Kingston Township 4
TOP OF THE 6TH
New Amsterdam Dutchmen batting - Pitching for Kingston Township Legion : LHP Shigemasa Horiuchi
Batting: LHB Cornelius Taitt 0-0: Swinging Strike
0-1: Swinging Strike
0-2: Ball
1-2: SINGLE (Groundball, 4MD)
Batting: RHB Mario Rivera 0-0: Ball
1-0: Foul Ball, location: 2F
1-1: Called Strike
1-2: Ball
2-2: Ball
3-2: Strikes out swinging
Batting: RHB Omar Schuler 0-0: Ball
Throwing error on steal attempt, E2
Cornelius Taitt to third
1-0: Called Strike
1-1: Foul Ball, location: 2F
1-2: Ball
2-2: Ball
3-2: Ground out U3 (Groundball, 34)
Cornelius Taitt scores
Batting: RHB John Burton 0-0: Foul Ball, location: 2F
0-1: Ball
1-1: Swinging Strike
1-2: Ball
2-2: Ball
3-2: Foul Ball, location: 2F
3-2: Foul Ball, location: 2F
3-2: Base on Balls
Batting: RHB Alfredo Suárez 0-0: SINGLE (Groundball, 6M) (infield hit)
John Burton to second
Batting: LHB Félix López 0-0: Called Strike
0-1: Ball
1-1: Called Strike
1-2: Strikes out looking
Top of the 6th over - 1 run(s), 2 hit(s), 1 error(s), 2 left on base; New Amsterdam 1 - Kingston Township 4
BOTTOM OF THE 6TH
Kingston Township Legion batting - Pitching for New Amsterdam Dutchmen : RHP Bobby Swain
Batting: RHB Jim Scott 0-0: Foul Ball, location: 2F
0-1: Ball
1-1: Ground out 4-3 (Groundball, 4)
Batting: RHB Jeffery Campbell 0-0: Called Strike
0-1: Ground out 6-3 (Groundball, 6)
Batting: RHB Juan Aguirre 0-0: Ball
1-0: Foul Ball, location: 2F
1-1: Fly out, F9 (Flyball, 89M)
Bottom of the 6th over - 0 run(s), 0 hit(s), 0 error(s), 0 left on base; New Amsterdam 1 - Kingston Township 4
TOP OF THE 7TH
New Amsterdam Dutchmen batting - Pitching for Kingston Township Legion : LHP Shigemasa Horiuchi
Batting: RHB Hank Wilder 0-0: Ball
1-0: Foul Ball, location: 2F
1-1: SINGLE (Line Drive, 9S)
Batting: RHB Arturo Morales 0-0: Grounds into double play, 5-4-3 (Groundball, 56)
Batting: LHB SaQwan Hackett 0-0: Ball
1-0: Ball
2-0: Ball
3-0: Base on Balls
Batting: LHB Cornelius Taitt 0-0: Ball
1-0: Called Strike
1-1: Foul Ball, location: 2F
1-2: Strikes out looking
Top of the 7th over - 0 run(s), 1 hit(s), 0 error(s), 1 left on base; New Amsterdam 1 - Kingston Township 4
BOTTOM OF THE 7TH
Kingston Township Legion batting - Pitching for New Amsterdam Dutchmen : RHP Bobby Swain
Batting: RHB Júlio Rodríguez 0-0: Foul Ball, location: 2F
0-1: SINGLE (Flyball, 89S)
Batting: LHB Forrest McCooke 0-0: Sac Bunt - play at first, batter OUT! 1-3
Júlio Rodríguez to second
Batting: LHB Ye Der 0-0: Called Strike
0-1: Fly out, F4 (Line Drive, 4M)
Batting: RHB EP Weston 0-0: Ball
1-0: Ball
2-0: Called Strike
2-1: Ball
3-1: Foul Ball, location: 2F
3-2: Strikes out looking
Bottom of the 7th over - 0 run(s), 1 hit(s), 0 error(s), 1 left on base; New Amsterdam 1 - Kingston Township 4
TOP OF THE 8TH
New Amsterdam Dutchmen batting - Pitching for Kingston Township Legion : LHP Shigemasa Horiuchi
Batting: RHB Mario Rivera 0-0: Ground out 5-3 (Groundball, 56)
Batting: RHB Omar Schuler 0-0: SOLO HOME RUN (Flyball, 78XD), Distance : 456 ft
Pitching: RHP Yosuke Takahashi
Batting: RHB John Burton 0-0: Foul Ball, location: 2F
0-1: Ball
1-1: Foul Ball, location: 2F
1-2: Foul Ball, location: 2F
1-2: Ball
2-2: DOUBLE (Line Drive, 9LM)
Pitching: RHP John Riggleman
Batting: RHB Alfredo Suárez 0-0: Ball
1-0: Ball
2-0: Ball
3-0: Called Strike
3-1: Fly out, F7 (Flyball, 7)
Pitching: LHP Il-young Kim
Batting: LHB Félix López 0-0: Ball
1-0: Ball
2-0: Swinging Strike
2-1: Ground out 4-3 (Groundball, 4)
Top of the 8th over - 1 run(s), 2 hit(s), 0 error(s), 1 left on base; New Amsterdam 2 - Kingston Township 4
BOTTOM OF THE 8TH
Kingston Township Legion batting - Pitching for New Amsterdam Dutchmen : RHP Bobby Swain
Batting: RHB Clarence Neal 0-0: Called Strike
0-1: Called Strike
0-2: Ball
1-2: Strikes out looking
Batting: RHB Alfredo Cardenas 0-0: Foul Ball, location: 2F
0-1: Ball
1-1: Ground out 5-3 (Groundball, 56S)
Batting: RHB Jim Scott 0-0: Ball
1-0: Ground out 6-3 (Groundball, 6)
Bottom of the 8th over - 0 run(s), 0 hit(s), 0 error(s), 0 left on base; New Amsterdam 2 - Kingston Township 4
TOP OF THE 9TH
New Amsterdam Dutchmen batting - Pitching for Kingston Township Legion : LHP Il-young Kim
Pitching: RHP Toshiro Saikawa
Batting: RHB Hank Wilder 0-0: Ball
1-0: Ground out 5-3 (Groundball, 5S)
Batting: RHB Arturo Morales 0-0: Foul Ball, location: 2F
0-1: Foul Ball, location: 2F
0-2: Ball
1-2: Ball
2-2: Foul Ball, location: 2F
2-2: Foul Ball, location: 2F
2-2: Foul Ball, location: 2F
2-2: Strikes out swinging passed ball, reaches first!
Batting: LHB SaQwan Hackett 0-0: Ball
1-0: Swinging Strike
1-1: Foul Ball, location: 2F
1-2: Strikes out looking
Batting: LHB Cornelius Taitt 0-0: SINGLE (Flyball, 89S)
Arturo Morales to second
Pinch Hitting: RHB Quincy van Enk 0-0: Fielders Choice at 2nd, 4-6 (Groundball, 4)
Top of the 9th over - 0 run(s), 1 hit(s), 0 error(s), 1 left on base; New Amsterdam 2 - Kingston Township 4
Saturday, May 26th, 2018 - OOTP Baseball 17.12 Build 75